 Dungeon Crawl Stone Soup version 0.31.0-32-g396128a36d (webtiles) character file.

Game seed: 15420185691726063959

3441 Destapler the Ducker (level 9, -5/133 HPs)
             Began as a Troll Berserker on Mar 25, 2024.
             Was an Elder of Trog.
             Slain by a two-headed ogre
             ... wielding a +0 great mace
              (20 damage)
             ... on level 7 of the Dungeon.
             The game lasted 00:36:58 (5551 turns).

Destapler the Ducker (Troll Berserker)              Turns: 5551, Time: 00:36:59

Health: -5/133     AC:  9    Str: 29    XL:     9   Next: 77%
Magic:  8/8        EV: 16    Int:  3    God:    Trog [****..]
Gold:   420        SH:  0    Dex: 11    Spells: 8/8 levels left

rFire   . . .        e - +1 giant spiked club
rCold   . . .        (shield currently unavailable)
rNeg    . . .        b - +1 animal skin
rPois   .            (helmet restricted)
rElec   .            (no cloak)
rCorr   .            (gloves unavailable)
SInv    .            (boots unavailable)
Will    .....        o - amulet of regeneration Stlth
                     g - +5 ring of evasion
HPRegen 2.02/turn    y - +4 ring of protection
MPRegen 0.11/turn

%: no passive effects
@: berserking (expiring), very quick
A: large, unfitting armour, claws 3, regeneration 1, shaggy fur 1, tough skin 1
a: Renounce Religion, Berserk, Trog's Hand, Brothers in Arms


You were on level 7 of the Dungeon.
You worshipped Trog.
Trog was greatly pleased with you.
You visited 1 branch of the dungeon, and saw 7 of its levels.
You also visited: Sewer and Ossuary.

You collected 420 gold pieces.

Inventory:

Hand Weapons
 e - a +1 giant spiked club (weapon)
Missiles
 u - 7 poisoned darts (quivered)
Armour
 b - a +1 animal skin (worn)
Jewellery
 g - a +5 ring of evasion (left claw)
 o - an amulet of regeneration (around neck)
 q - an amulet of faith
 y - a +4 ring of protection (right claw)
Wands
 d - a wand of flame (27)
 p - a wand of charming (1)
Scrolls
 a - a scroll of immolation
 m - 2 scrolls of teleportation
 s - a scroll of noise {unknown}
Potions
 c - a potion of attraction {unknown}
 f - a potion of ambrosia {unknown}
 h - a potion of heal wounds {unknown}
 i - 5 potions of curing
 k - a potion of magic {unknown}
 l - a potion of lignification {unknown}
 n - a potion of berserk rage
 r - a potion of mutation {unknown}
 t - 2 potions of might
 v - a potion of cancellation {unknown}
 w - a potion of invisibility {unknown}


   Skills:
 - Level 6.0 Fighting
 * Level 5.5 Maces & Flails
 + Level 5.4 Throwing
 - Level 6.0 Dodging
 - Level 5.0 Shields
 + Level 2.4 Evocations


You had 8 spell levels left.
You didn't know any spells.
Your spell library contained the following spells:

 Spells                   Type           Power      Damage    Failure   Level
 Apportation              Tloc           0%         N/A       52%         1
 Necrotise                Necr           0%         1d4       52%         1
 Sting                    Conj/Alch      0%         1d3       52%         1
 Summon Small Mammal      Summ           0%         N/A       52%         1
 Blink                    Tloc           0%         N/A       67%         2
 Lesser Beckoning         Tloc           0%         N/A       67%         2
 Momentum Strike          Conj/Tloc      0%         3d8       67%         2
 Dazzling Flash           Conj/Hex       0%         N/A       88%         3
 Gell's Gravitas          Tloc           0%         N/A       88%         3
 Mephitic Cloud           Conj/Alch/Air  0%         N/A       88%         3
 Teleport Other           Tloc           0%         N/A       88%         3
 Curse of Agony           Necr           0%         N/A       100%        5
 Silence                  Hex/Air        0%         N/A       100%        5


Dungeon Overview and Level Annotations

Branches:
Dungeon (7/15)             Temple (0/1) D:4           Sewer (visited)
Ossuary (visited)

Altars:
Dithmenos
Makhleb
Okawaru
Ru
Wu Jian
Yredelemnul


Innate Abilities, Weirdness & Mutations

You are too large for most types of armour.
You have claws for hands.
Your natural rate of healing is unusually fast.
You are covered in fur. (AC +1)
You have tough skin. (AC +1)


Message History

The two-headed ogre is heavily wounded.
The white imp hits you but does no damage.
The orc hits you but does no damage.
A yak comes into view.
You barely miss the two-headed ogre.
The two-headed ogre is heavily wounded.
The yak bellows!
The two-headed ogre hits you with a +0 great mace.
The two-headed ogre barely misses you. The white imp closely misses you.
The orc misses you.
You hit the two-headed ogre.
The two-headed ogre is heavily wounded.
The two-headed ogre closely misses you. x2
The white imp hits you but does no damage.
The orc barely misses you.
You barely miss the two-headed ogre.
The two-headed ogre is heavily wounded.
The white imp gestures at you. The puff of frost hits you!
* * * LOW HITPOINT WARNING * * *
The orc closely misses you. The two-headed ogre barely misses you.
The two-headed ogre hits you with a +0 giant club!!
* * * LOW HITPOINT WARNING * * *
You closely miss the two-headed ogre.
The two-headed ogre is heavily wounded.
The white imp barely misses you. The orc barely misses you.
You closely miss the white imp. The two-headed ogre closely misses you.
The two-headed ogre hits you with a +0 giant club!
* * * LOW HITPOINT WARNING * * *
The white imp hits you but does no damage.
The orc misses you.
You puncture the white imp!
The white imp is severely wounded.
The white imp gestures at you. The puff of frost hits you.
* * * LOW HITPOINT WARNING * * *
The two-headed ogre hits you with a +0 great mace!
* * * LOW HITPOINT WARNING * * *
The two-headed ogre hits you with a +0 giant club!!
You die...

#.##.##...###....#
..........#......#
..........'......#
..........#......#
..........#......#
..####..#######'#
####.(###.....#
#.....((....Y.#
#..........oO@#
#.........()5.#
#.............#
###############


You could see a two-headed ogre (poisoned), a yak, a white imp and an orc.

Vanquished Creatures
  A steam dragon (D:7)
  The ghost of Henri the Insei, an amateur OpSh (D:4)
  3 water moccasins
  Duvessa (D:6)
  An ice beast (D:6)
  2 sky beasts (D:6)
  A black bear (D:6)
  A crocodile (Sewer)
  2 centaurs (D:6)
  2 ogres (D:5)
  2 kobold brigands
  A weeping skull (Ossuary)
  A brain worm (Sewer)
  2 elf zombies (Ossuary)
  8 scorpions
  Dowan (D:6)
  A howler monkey (D:5)
  A centaur zombie (Ossuary)
  2 hounds
  4 human zombies (Ossuary)
  An orc priest (D:6)
  A bombardier beetle (D:5)
  2 jellies (D:6)
  3 iguanas (D:4)
  Terence (D:2)
  7 orc wizards
  A killer bee zombie (Ossuary)
  3 hound zombies (Ossuary)
  3 mummies (Ossuary)
  15 adders
  3 gnolls (D:4)
  A shadow imp (D:5)
  A white imp (D:5)
  4 adder zombies (Ossuary)
  2 dart slugs
  4 ribbon worms
  17 orcs
  18 bats
  2 endoplasms
  4 giant cockroaches
  7 goblins
  9 hobgoblins
  3 jackals (D:5)
  3 quokkas
  4 ball pythons
  6 ball python zombies (Ossuary)
  3 frilled lizards
  A gnoll zombie (Ossuary)
  4 jackal zombies (Ossuary)
  12 kobolds
  5 kobold zombies (Ossuary)
  4 rats (D:3)
192 creatures vanquished.

Notes
Turn   | Place    | Note
-------+----------+-------------------------------------------
     0 | D:1      | Destapler the Troll Berserker began the quest for the Orb.
     0 | D:1      | Reached XP level 1. HP: 22/22 MP: 0/0
    17 | D:1      | Noticed a minotaur skeleton
   295 | D:1      | Reached XP level 2. HP: 25/29 MP: 1/1
   748 | D:2      | Reached XP level 3. HP: 37/37 MP: 2/2
   793 | D:2      | Noticed Terence
   861 | D:2      | Killed Terence
   908 | D:2      | Found a shadowy altar of Dithmenos.
   909 | D:2      | You fall into a shaft and drop 1 floor!
   993 | D:2      | Reached XP level 4. HP: 45/45 MP: 3/3
  1510 | D:3      | Reached ** piety under Trog
  2181 | D:4      | Noticed a scorpion
  2190 | D:4      | Killed a scorpion
  2191 | D:4      | Reached XP level 5. HP: 54/54 MP: 4/4
  2254 | D:4      | Found a staircase to the Ecumenical Temple.
  2316 | D:4      | Reached XP level 6. HP: 62/62 MP: 5/5
  2378 | D:4      | Noticed Henri's ghost (amateur OpSh)
  2379 | D:4      | Found a runed translucent door.
  2575 | D:4      | Reached *** piety under Trog
  2661 | D:4      | Found a glowing drain.
  2677 | Sewer    | Entered a sewer
  2709 | Sewer    | Reached skill level 5 in Fighting
  2709 | Sewer    | Reached skill level 5 in Dodging
  2709 | Sewer    | Reached XP level 7. HP: 72/72 MP: 4/6
  3087 | D:4      | Killed Henri's ghost
  3088 | D:4      | Reached skill level 1 in Throwing
  3088 | D:4      | Reached skill level 1 in Shields
  3141 | D:5      | Entered Level 5 of the Dungeon
  3478 | D:5      | Found a burning altar of Makhleb.
  3480 | D:5      | Found a basalt altar of Yredelemnul.
  3482 | D:5      | Found a sacrificial altar of Ru.
  3584 | D:5      | Found an ornate altar of the Wu Jian Council.
  3635 | D:5      | Reached XP level 8. HP: 81/81 MP: 7/7
  3638 | D:5      | Reached skill level 1 in Evocations
  3995 | D:5      | Found an iron altar of Okawaru.
  4431 | D:6      | Noticed Dowan
  4432 | D:6      | Noticed Duvessa
  4442 | D:6      | Killed Duvessa
  4457 | D:6      | Killed Dowan
  4542 | D:6      | Reached XP level 9. HP: 79/89 MP: 8/8
  4573 | D:6      | Reached **** piety under Trog
  4633 | D:6      | Found a sand-covered staircase.
  4643 | Ossuary  | Entered an ossuary
  5221 | D:6      | Reached skill level 5 in Throwing
  5269 | D:6      | Reached skill level 5 in Maces & Flails
  5269 | D:6      | Reached skill level 5 in Shields
  5530 | D:7      | Noticed a two-headed ogre
  5551 | D:7      | Slain by a two-headed ogre

Illustrated notes

Levels and vault maps discovered:
D:1:      shiori_arrival_whats_in_store_for_you, layout_basic,
          grunt_decor_resistance, roderic_malta_cross,
          chequers_decorated_corner, minmay_crystal_room, minmay_misc_feat_doors
D:2:      layout_basic, basic_altar, uniq_terence
D:3:      layout_loops_corners
D:4:      old_forge, layout_rooms, minmay_temple_entry_waves,
          portal_sewer_entry_d, gammafunk_ghost_grave
D:5:      wad_river_or_something, layout_layer_cave,
          chequers_temple_overflow_statue_of_worship, mainiacjoe_overflow_swirl,
          dk_noncrumbling_3
D:6:      layout_cave_pools, chequers_ossuary_entry_cave, uniq_duvessa
D:7:      layout_gridville, amcnicky_mini_rare_corridor_liquid,
          minmay_misc_feat_nine_boxes, nicolae_shop_vocational

Skill      XL: |  1  2  3  4  5  6  7  8  9 |
---------------+----------------------------+-----
Fighting       | 3 4 5 6 |  6.0
Dodging        | 3 4 5 6 |  6.0
Throwing       | 1 3 5 |  5.4
Shields        | 1 3 5 |  5.0
Evocations     | 2 |  2.4
Maces & Flails | 3 5 |  5.5

Action                     |  1- 3 |  4- 6 |  7- 9 || total
---------------------------+-------+-------+-------++-------
  Melee: Mace              |    88 |    96 |       ||   184
         Punch             |       |     3 |     7 ||    10
         Unarmed           |       |   105 |   515 ||   620
         Giant spiked club |       |       |    39 ||    39
  Throw: Dart              |       |       |    14 ||    14
         Boomerang         |       |       |     3 ||     3
 Invoke: Berserk           |     3 |     3 |     8 ||    14
         Trog's Hand       |       |       |     2 ||     2
    Use: Scroll            |       |     4 |     7 ||    11
   Stab: Sleeping          |     2 |     1 |     1 ||     4
         Distracted        |       |       |     1 ||     1
 Armour: Animal skin       |    51 |   124 |   361 ||   536
  Dodge: Dodged            |    83 |   249 |   514 ||   846
